 Dungeon Crawl Stone Soup version bcrawl-1.36 (webtiles) character file.

Game seed: 3420156206810760585

163067 MisterOstroum the Conjurer (level 6, -14/47 HPs)
             Began as a Draconian Air Elementalist on Apr 16, 2022.
             Was an Initiate of Nemelex Xobeh.
             Demolished by a polar bear (29 damage)
             ... created by the rage of Trog
             ... on level 3 of the Dungeon.
             The game lasted 00:10:47 (3222 turns).

MisterOstroum the Conjurer (DrAE)                   Turns: 3222, Time: 00:10:48

Health: -14/47     AC:  6    Str: 10    XL:     6   Next: 11%
Magic:  10/10      EV: 12    Int: 18    God:    Nemelex Xobeh [......]
Gold:   122        SH:  2    Dex: 11    Spells: 6/10 levels left

rFire    . . .     SeeInvis .   a - +2 dagger (speed)
rCold    . . .     Gourm    .   (no shield)
rNeg     . . .     Faith    .   (armour unavailable)
rPois    .         Spirit   .   q - +0 hat
rElec    .         Reflect  +   (no cloak)
rCorr    .                      (no gloves)
MR       .....                  (no boots)
Stlth    ++........             t - +2 amulet of reflection
HPRegen  0.15/turn              (no ring)
MPRegen  0.12/turn              (no ring)

@: about to teleport
A: unfitting armour, cold-blooded, AC +6
a: Draw Escape, Draw Destruction, Draw Summoning, Renounce Religion


You were on level 3 of the Dungeon.
You worshipped Nemelex Xobeh.
Nemelex Xobeh was noncommittal.
You were hungry.

You visited 1 branch of the dungeon, and saw 4 of its levels.

You collected 122 gold pieces.

Inventory:

Hand Weapons
 a - a +2 dagger of speed (weapon)
 d - a +0 club
 f - a +0 dagger
 j - a +0 short sword
Missiles
 c - 68 exploding tomahawks
 g - 800 stones (quivered)
 l - 495 arrows
 r - 63 javelins
Armour
 p - a +0 helmet
 q - a +0 hat (worn)
Jewellery
 t - a +2 amulet of reflection (around neck)
Scrolls
 h - 2 scrolls of remove curse {unknown}
 i - a scroll of identify {@r1}
 k - a scroll of teleportation
 s - a scroll of magic mapping {unknown}
Potions
 b - 3 potions of flight
 m - a potion of degeneration
 n - a potion of haste {@q4 !q}
 o - a potion of resistance
Comestibles
 e - 5 rations {!d}


   Skills:
 - Level 1.1 Fighting
 - Level 1.7 Dodging
 - Level 2.1 Stealth
 + Level 2.7 Spellcasting
 + Level 4.4 Conjurations
 + Level 4.4 Air Magic


You had 6 spell levels left.
You knew the following spells:

 Your Spells              Type           Power        Failure   Level  Hunger
a - Shock                 Conj/Air       ###..        2%          1    None
b - Static Discharge      Air            ###.....     9%          3    ####...

Your spell library contained the following spells:

 Spells                   Type           Power        Failure   Level  Hunger
 Swiftness                Chrm/Air       ##......     10%         2    ##.....
 Airstrike                Air            ###.......   26%         4    #####..
 Lightning Bolt           Conj/Air       ###.......   58%         5    #######


Dungeon Overview and Level Annotations

Branches:
Dungeon (4/12)
 Temple: D:4-7

Altars:
Makhleb
Nemelex Xobeh
Trog


Innate Abilities, Weirdness & Mutations

Your plain brown scales are hard. (AC +6)
You cannot fit into any form of body armour.
You are cold-blooded and may be slowed by cold attacks.


Message History

Press: ? - help, Shift-Dir - straight line, p - orc priest The zap hits the worker ant.
You kill the worker ant!
The zap hits the orc priest.
You kill the orc priest!
The zap hits the orc wizard.
The orc wizard is almost dead.
The zap hits something.
The orc wizard is engulfed in noxious fumes.
The orc wizard appears confused.
You kill the orc wizard!
Casting: Shock (safe; 3% risk of failure)
Confirm with . or Enter, or press ? or * to list all spells.
You can't see any susceptible monsters within range! (Use Z to cast anyway.) Unknown command.
A hound comes into view.
The hound barks!
Casting: Shock (safe; 3% risk of failure)
Confirm with . or Enter, or press ? or * to list all spells.
Aiming: Shock (safe; 3% risk of failure)
Press: ? - help, Shift-Dir - straight line
Okay, then.
Casting: Shock (safe; 3% risk of failure)
Confirm with . or Enter, or press ? or * to list all spells.
Aiming: Shock (safe; 3% risk of failure)
Press: ? - help, Shift-Dir - straight line
Okay, then.
The hound bites you but does no damage.
Casting: Shock (safe; 3% risk of failure)
Confirm with . or Enter, or press ? or * to list all spells.
Aiming: Shock (safe; 3% risk of failure)
Press: ? - help, Shift-Dir - straight line The zap misses the hound.
The zap hits the hound.
The hound is moderately wounded.
The hound bites you.
Casting: Shock (safe; 3% risk of failure)
Confirm with . or Enter, or press ? or * to list all spells.
Aiming: Shock (safe; 3% risk of failure)
Press: ? - help, Shift-Dir - straight line The zap misses the hound.
The zap hits the hound.
The hound is severely wounded.
The hound bites you but does no damage. The hound bites you.
Casting: Shock (safe; 3% risk of failure)
Confirm with . or Enter, or press ? or * to list all spells.
Aiming: Shock (safe; 3% risk of failure)
Press: ? - help, Shift-Dir - straight line The zap hits the hound.
The hound is severely wounded.
The zap misses the hound.
The hound stops to sniff the ground.
You block the hound's attack.
A crimson imp comes into view.
Casting: Shock (safe; 3% risk of failure)
Confirm with . or Enter, or press ? or * to list all spells.
Aiming: Shock (safe; 3% risk of failure)
Press: ? - help, Shift-Dir - straight line The zap misses the hound. x2
The crimson imp shouts!
The hound closely misses you. The hound misses you.
Casting: Shock (safe; 3% risk of failure)
Confirm with . or Enter, or press ? or * to list all spells.
You don't have enough magic to cast that spell.
Unknown command.
The hound barely misses you.
The crimson imp sputters.
The hound bites you but does no damage. The hound closely misses you.
There is a stone staircase leading up here.
Okay, then.
Unknown command.
The hound bites you but does no damage. The hound bites you.
A rune on the stairs sparks and fizzles.
You climb upwards.
Reactivating autopickup.
There is a stone staircase leading down here.
You hit the hound but do no damage. You tail-slap the hound.
You kill the hound!
You have reached level 6!
Your experience leads to an increase in your attributes!
Increase (S)trength, (I)ntelligence, or (D)exterity?
You feel clever.
Your scales feel tougher.
You start resting.
HP restored.
Magic restored.
No path to travel!
Trog sends monsters to punish you. 3 polar bears come into view.
You have encountered a dangerous foe!
The polar bear rages.
You hear an angry growl.
You hear an angry growl.
The polar bear bites you! The polar bear closely misses you.
The polar bear claws you.
As you read the scroll of teleportation, it crumbles to dust.
You feel strangely unstable. The polar bear bites you!
The polar bear claws you but does no damage.
The polar bear claws you. The polar bear bites you!!
Ouch! That really hurt!
You die...
Your body disappears without a glow.

#.##.####.#..#.# #.##.# #..#...#
##.##.####..#...####
###......>....#...##.#
#.............##..##.####
#####.#.....####..##.>......###
#........##.####..###..........
#.###.......h.....# #.##.######
.##.###.##.##..h@...# #.##.#
........##.##..h....# #.##.#
.##.....##)##.####).###.##.###
....[...<....................#
..#.###.##.############.##.######
........##.# #.##.......
#.#.###.##.# #.##.###### # #.##.#
#.##.###### #....# #..........


You could see 3 polar bears.

Vanquished Creatures
  An orc priest (D:4)
  A crimson imp (D:3)
  2 hounds
  An orc wizard (D:4)
  A worker ant (D:4)
  An adder (D:3)
  3 worms
  2 dart slugs (D:1)
  3 leopard geckos
  5 orcs
  A ball python (D:2)
  10 bats
  A giant cockroach (D:1)
  4 goblins
  9 hobgoblins
  14 jackals
  5 quokkas
  5 frilled lizards
  8 kobolds
  4 rats
81 creatures vanquished.

Notes
Turn   | Place    | Note
-------+----------+-------------------------------------------
     0 | D:1      | MisterOstroum the Draconian Air Elementalist began the
                  | quest for the Orb.
     0 | D:1      | Reached XP level 1. HP: 14/14 MP: 3/3
    55 | D:1      | Reached skill level 1 in Fighting
   219 | D:1      | Reached XP level 2. HP: 14/23 MP: 0/5
   908 | D:1      | Reached XP level 3. HP: 28/28 MP: 3/6
  1644 | D:2      | Learned a level 3 spell: Static Discharge
  2180 | D:3      | Reached XP level 4. HP: 28/35 MP: 7/7
  2459 | D:3      | Found a faded altar of an unknown god.
  2529 | D:3      | Prayed at the altar of an unknown god.
  2529 | D:3      | Became a worshipper of Trog the Wrathful
  2529 | D:3      | Reached * piety under Trog
  2531 | D:3      | Fell from the grace of Trog
  2703 | D:3      | Found a burning altar of Makhleb.
  2710 | D:3      | Reached XP level 5. HP: 40/40 MP: 4/8
  2911 | D:3      | Noticed a polar bear
  2911 | D:3      | Noticed a polar bear
  2911 | D:3      | Noticed a polar bear
  2911 | D:3      | Noticed a polar bear
  2911 | D:3      | Noticed a black bear
  2987 | D:4      | Found a sparkling altar of Nemelex Xobeh.
  3018 | D:4      | Became a worshipper of Nemelex Xobeh the Trickster
  3044 | D:4      | Noticed a sky beast
  3047 | D:4      | Received a gift from Nemelex Xobeh
  3084 | D:3      | Reached XP level 6. HP: 35/47 MP: 1/10
  3216 | D:3      | Noticed a polar bear
  3216 | D:3      | Noticed a polar bear
  3216 | D:3      | Noticed a polar bear
  3222 | D:3      | Demolished by a polar bear

Skill      XL: |  1  2  3  4  5 |
---------------+----------------+-----
Fighting       | 1 |  1.1
Conjurations   | 2 3 4 |  4.4
Air Magic      | 4 |  4.4
Dodging        | |  1.7
Stealth        | |  2.1
Spellcasting   | |  2.7

Action                   |  1- 3 |  4- 6 || total
-------------------------+-------+-------++-------
Melee: Unarmed           |    12 |       ||    12
       Dagger            |    80 |    47 ||   127
       Club              |     2 |       ||     2
       Tailslap          |     5 |     4 ||     9
Throw: Stone             |     7 |     6 ||    13
       Tomahawk          |       |     1 ||     1
 Cast: Shock             |    75 |    52 ||   127
       Static Discharge  |     1 |     2 ||     3
Invok: Renounce Religion |       |     1 ||     1
 Abil: Draw Destruction  |       |     1 ||     1
  Use: Scroll            |       |     6 ||     6
 Stab: Sleeping          |     2 |       ||     2
       Confused          |       |     1 ||     1
  Eat: Chunk             |     8 |     5 ||    13
Armor: Skin              |    54 |    15 ||    69
Dodge: Dodged            |   125 |    37 ||   162
Block: Other             |       |     1 ||     1
